Blues vs Sharks
(R1)
Created - 25 mars 2014 at 19:07
Goals
|
| Blues |
1 |
1 |
1 |
0 |
3 |
4 |
| Sharks |
1 |
2 |
0 |
0 |
2 |
3 |
|
Shots
|
| Blues |
13 |
7 |
6 |
2 |
5 |
28 |
| Sharks |
10 |
16 |
10 |
0 |
5 |
36 |
|
1st period
1. Sharks , Daniel Sedin 29 (Mikko Koivu, Filip Kuba) at 12:59 (PP)
2. Blues , Paul Kariya 22 (Nik Antropov) at 16:54 (PP)
Penalties :
Brian Lee (STL) for Tripping (Minor) at 11:58, Drew Fata (STL) for Roughing (Minor) at 13:38, Ian Laperriere (SJS) for Hooking (Minor) at 16:24
2nd period
3. Sharks , Nikolai Zherdev 14 (Daniel Sedin, Joni Pitkanen) at 4:24 (PP)
4. Sharks , Dany Heatley 31 (Teemu Selanne, Henrik Sedin) at 8:01 (PP)
5. Blues , Nigel Dawes 12 (Andrew Cogliano, Sergei Shirokov) at 18:29
Penalties :
Dan Boyle (STL) for High sticking (Minor) at 3:48, Jarome Iginla (STL) for Hooking (Minor) at 7:58, Paul Kariya (STL) for Cross-checking (Minor) at 12:58
3rd period
6. Blues , Paul Kariya 23 (Jarome Iginla, Nik Antropov) at 7:41 (PP)
Penalties :
Bryce Lampman (STL) for Cross-checking (Minor) at 4:21, Dany Heatley (SJS) for Hooking (Minor) at 7:37, Henrik Sedin (SJS) for Hooking (Minor) at 9:04, Adam Pardy (SJS) for Cross-checking (Minor) at 13:22, Nik Antropov (STL) for Interference (Minor) at 16:38
Overtime #1
No Goal
Penalties :
No Penalty
Shootout
Penalty Shot by David Perron for Blues - Goal!
Penalty Shot by Dany Heatley for Sharks - Stopped by Tuukka Rask
Penalty Shot by Nik Antropov for Blues - Shot Misses the Net
Penalty Shot by Henrik Sedin for Sharks - Goal!
Penalty Shot by Jarome Iginla for Blues - Stopped by Jimmy Howard
Penalty Shot by Daniel Sedin for Sharks - Shot Misses the Net
Penalty Shot by Michael Frolik for Blues - Goal!
Penalty Shot by Mikko Koivu for Sharks - Goal!
Penalty Shot by Paul Kariya for Blues - Goal!
Penalty Shot by Teemu Selanne for Sharks - Stopped by Tuukka Rask
Penalties :
No Penalty
Goalie Stats
Tuukka Rask (STL), 33 saves from 36 shots - (0,917), W, 24-16-4, 65:00 minutes
Jimmy Howard (SJS), 25 saves from 28 shots - (0,893), OTL, 25-27-5, 65:00 minutes
Players Stats for Blues
Player Name G A P +/- PIM S H SB GA TA FO MP PP MP PK MP
------------------------------------------------------------------------------------
Andrew Cogliano 0 1 1 1 0 4 2 0 0 0 5/6 9:47 0:00 0:35
Andy Sutton 0 0 0 1 0 2 1 1 0 1 0/0 14:21 0:20 0:22
Brian Lee 0 0 0 1 2 0 0 2 0 1 0/0 19:03 1:47 1:33
Bryce Lampman 0 0 0 0 2 0 2 0 0 0 0/0 25:26 1:47 4:19
Dan Boyle 0 0 0 0 2 2 1 0 1 0 0/0 27:39 2:25 4:23
David Perron 0 0 0 0 0 0 2 0 0 0 1/1 15:31 1:48 2:17
Drew Fata 0 0 0 0 2 0 1 2 1 0 0/0 18:03 0:00 3:10
Jamie Langenbrunner 0 0 0 0 0 2 3 0 1 0 1/1 21:38 1:48 2:23
Jarkko Ruutu 0 0 0 0 0 0 2 0 1 0 0/0 10:55 0:00 1:31
Jarome Iginla 0 1 1 0 2 0 1 2 0 0 0/1 14:07 2:44 0:00
Kristopher Letang 0 0 0 0 0 2 4 1 1 0 0/0 25:48 2:45 5:25
Matthew Lombardi 0 0 0 0 0 0 0 0 0 0 3/9 14:34 0:00 5:58
Michael Frolik 0 0 0 0 0 2 1 0 2 0 0/0 10:44 0:00 0:00
Nigel Dawes 1 0 1 1 0 3 1 0 0 1 1/1 10:08 0:00 0:00
Nik Antropov 0 2 2 0 2 5 3 1 0 0 9/16 17:27 2:44 1:48
Paul Kariya 2 0 2 0 2 5 3 0 0 0 1/4 24:38 2:44 4:40
Sergei Shirokov 0 1 1 1 0 0 1 0 1 0 0/0 11:08 0:00 0:00
Travis Zajac 0 0 0 0 0 1 4 0 0 1 6/23 19:20 1:48 0:00
Players Stats for Sharks
Player Name G A P +/- PIM S H SB GA TA FO MP PP MP PK MP
------------------------------------------------------------------------------------
Adam Mair 0 0 0 0 0 1 0 0 0 0 3/5 12:45 0:05 0:25
Adam Pardy 0 0 0 0 2 1 2 0 0 1 0/0 12:55 0:00 0:00
Alex Pietrangelo 0 0 0 -1 0 3 0 0 0 2 0/0 19:59 3:29 0:00
Daniel Sedin 1 1 2 0 0 5 1 0 1 0 1/1 22:58 4:22 2:31
Dany Heatley 1 0 1 -1 2 2 3 2 0 0 3/5 25:01 5:14 2:27
David Hale 0 0 0 0 0 0 0 0 0 1 0/0 14:26 0:00 1:33
David Krejci 0 0 0 0 0 0 0 0 0 0 0/0 0:00 0:00 0:00
Filip Kuba 0 1 1 0 0 1 4 1 0 2 0/0 28:42 6:07 1:33
Henrik Sedin 0 1 1 -1 2 4 2 3 1 0 19/35 25:24 5:09 0:00
Ian Laperriere 0 0 0 0 2 2 0 0 1 0 0/2 15:16 0:00 0:52
Joni Pitkanen 0 1 1 0 0 4 1 2 0 2 0/0 30:35 6:07 2:59
Martin Samuelsson 0 0 0 0 0 0 0 0 0 0 0/0 1:40 0:00 1:13
Matt Moulson 0 0 0 0 0 1 2 0 0 0 0/0 16:30 0:05 0:00
Mikko Koivu 0 1 1 0 0 3 1 0 0 0 7/12 19:47 4:22 0:48
Nikolai Zherdev 1 0 1 0 0 2 2 0 0 0 0/0 9:54 4:22 0:00
Shaone Morrisonn 0 0 0 -1 0 0 1 1 0 0 0/0 23:25 3:29 2:59
Sheldon Keefe 0 0 0 0 0 3 1 0 0 0 0/0 14:13 0:00 0:00
Teemu Selanne 0 1 1 -1 0 4 2 0 1 0 2/2 21:54 5:09 0:48
3 Stars
1 - Paul Kariya (STL)
2 - Daniel Sedin (SJS)
3 - Nigel Dawes (STL)
Power Play
Blues - 2 on 4 Attempt(s) - 50,00%
Sharks - 3 on 7 Attempt(s) - 42,86%
Penalty Kill
Blues - 4 on 7 Attempt(s) - 57,14%
- Score 0 goal in Penalty Kill
Sharks - 2 on 4 Attempt(s) - 50,00%
- Score 0 goal in Penalty Kill
Official
Referees : Kimmerly Greg and StLaurent Francois
Linesman : Greg Devorski and Dan Schachte
Game Notes
No Game Note
Finance
Level 1 -- Attendance: 5601 (93,35%) -- Ticket Income 476 085 $
Level 2 -- Attendance: 4147 (82,94%) -- Ticket Income 219 791 $
Level 3 -- Attendance: 1389 (69,45%) -- Ticket Income 47 226 $
Level 4 -- Attendance: 3863 (96,58%) -- Ticket Income 73 397 $
Luxury Box -- Attendance: 737 (73,70%) -- Ticket Income 132 660 $
Game was played at the Hockey Place Center
Total Attendance: 15737 (87,43%)
Total Ticket Income: 949 159 $
Other Income: 142 374 $
Total Income: 1 091 533 $
Blues
5 vs 5 Forward
Center Left Wing Right Wing Time % Phy DF OF
1 Travis Zajac Paul Kariya Jamie Langenbrunner 40 1 2 2
2 Nik Antropov David Perron Jarome Iginla 30 1 2 2
3 Matthew Lombardi Jarkko Ruutu Michael Frolik 20 1 2 2
4 Andrew Cogliano Nigel Dawes Sergei Shirokov 10 1 2 2
5 vs 5 Defense
Defense Defense Time % Phy DF OF
1 Dan Boyle Bryce Lampman 40 1 2 2
2 Drew Fata Kristopher Letang 30 1 2 2
3 Andy Sutton Brian Lee 20 1 2 2
4 Brian Lee Kristopher Letang 10 1 2 2
PowerPlay Forward
Center Left Wing Right Wing Time % Phy DF OF
1 Nik Antropov Paul Kariya Jarome Iginla 60 1 2 2
2 Travis Zajac David Perron Jamie Langenbrunner 40 1 2 2
PowerPlay Defense
Defense Defense Time % Phy DF OF
1 Dan Boyle Kristopher Letang 60 1 2 2
2 Brian Lee Bryce Lampman 40 1 2 2
Penalty Kill 4 Players Forward
Center Wing Time % Phy DF OF
1 Matthew Lombardi Paul Kariya 60 1 2 2
2 Nik Antropov Jamie Langenbrunner 40 1 2 2
Penalty Kill 4 Players Defense
Defense Defense Time % Phy DF OF
1 Bryce Lampman Kristopher Letang 60 1 2 2
2 Drew Fata Dan Boyle 40 1 2 2
Penalty Kill - 3 Players Forward
Forward Time % Phy DF OF
1 Nik Antropov 60 1 2 2
2 Matthew Lombardi 40 1 2 2
Penalty Kill - 3 Players Defense
Defense Defense Time % Phy DF OF
1 Andy Sutton Bryce Lampman 60 1 2 2
2 Dan Boyle Drew Fata 40 1 2 2
4 vs 4 Forward
Center Wing Time % Phy DF OF
1 Travis Zajac Paul Kariya 60 1 2 2
2 Nik Antropov Jamie Langenbrunner 40 1 2 2
4 vs 4 Defense
Defense Defense Time % Phy DF OF
1 Dan Boyle Brian Lee 60 1 2 2
2 Kristopher Letang Andy Sutton 40 1 2 2
Last Minutes Offensive
Center Left Wing Right Wing Defense Defense
Travis Zajac Paul Kariya Jarome Iginla Dan Boyle Kristopher Letang
Last Minutes Defensive
Center Left Wing Right Wing Defense Defense
Nik Antropov Paul Kariya Jamie Langenbrunner Bryce Lampman Drew Fata
Goaltenders
Starting : Tuukka Rask
Backup : Tim Thomas
Extra Forwards
Normal : Sergei Shirokov, Michael Frolik, Nigel Dawes - PP : Michael Frolik, Sergei Shirokov - PK : David Perron
Extra Defensemen
Normal : Brian Lee, Andy Sutton, Kristopher Letang - PP : Andy Sutton - PK : Brian Lee, Dan Boyle
Penalty Shots
David Perron, Nik Antropov, Jarome Iginla, Michael Frolik, Paul Kariya
Sharks
5 vs 5 Forward
Center Left Wing Right Wing Time % Phy DF OF
1 Henrik Sedin Dany Heatley Teemu Selanne 40 1 2 2
2 Mikko Koivu Daniel Sedin Ian Laperriere 30 1 2 2
3 Adam Mair Matt Moulson Sheldon Keefe 20 1 2 2
4 Henrik Sedin Matt Moulson Nikolai Zherdev 10 1 2 2
5 vs 5 Defense
Defense Defense Time % Phy DF OF
1 Joni Pitkanen Filip Kuba 40 1 2 2
2 Shaone Morrisonn Alex Pietrangelo 30 1 2 2
3 David Hale Adam Pardy 20 1 2 2
4 Joni Pitkanen Filip Kuba 10 1 2 2
PowerPlay Forward
Center Left Wing Right Wing Time % Phy DF OF
1 Henrik Sedin Dany Heatley Teemu Selanne 60 1 1 3
2 Mikko Koivu Daniel Sedin Nikolai Zherdev 40 1 1 3
PowerPlay Defense
Defense Defense Time % Phy DF OF
1 Joni Pitkanen Filip Kuba 60 1 2 2
2 Shaone Morrisonn Alex Pietrangelo 40 1 2 2
Penalty Kill 4 Players Forward
Center Wing Time % Phy DF OF
1 Dany Heatley Daniel Sedin 60 1 4 0
2 Mikko Koivu Teemu Selanne 40 1 4 0
Penalty Kill 4 Players Defense
Defense Defense Time % Phy DF OF
1 Joni Pitkanen Shaone Morrisonn 60 1 4 0
2 Filip Kuba David Hale 40 1 4 0
Penalty Kill - 3 Players Forward
Forward Time % Phy DF OF
1 Dany Heatley 60 0 5 0
2 Daniel Sedin 40 1 4 0
Penalty Kill - 3 Players Defense
Defense Defense Time % Phy DF OF
1 Joni Pitkanen Shaone Morrisonn 60 0 5 0
2 Filip Kuba David Hale 40 0 5 0
4 vs 4 Forward
Center Wing Time % Phy DF OF
1 Henrik Sedin Daniel Sedin 60 1 2 2
2 Mikko Koivu Dany Heatley 40 1 2 2
4 vs 4 Defense
Defense Defense Time % Phy DF OF
1 Joni Pitkanen Filip Kuba 60 1 2 2
2 Shaone Morrisonn Alex Pietrangelo 40 1 2 2
Last Minutes Offensive
Center Left Wing Right Wing Defense Defense
Henrik Sedin Dany Heatley Teemu Selanne Joni Pitkanen Alex Pietrangelo
Last Minutes Defensive
Center Left Wing Right Wing Defense Defense
Henrik Sedin Dany Heatley Ian Laperriere Joni Pitkanen Filip Kuba
Goaltenders
Starting : Jimmy Howard
Backup : Martin Biron
Extra Forwards
Normal : Sheldon Keefe, Nikolai Zherdev, Matt Moulson - PP : Adam Mair, Matt Moulson - PK : Ian Laperriere
Extra Defensemen
Normal : Adam Pardy, Shaone Morrisonn, Alex Pietrangelo - PP : Alex Pietrangelo - PK : Shaone Morrisonn, Adam Pardy
Penalty Shots
Dany Heatley, Henrik Sedin, Daniel Sedin, Mikko Koivu, Teemu Selanne
% Time on Ice - Blues
Lines # - Real PCT - Wanted PCT - Time Play
Normal Forward
1 - 35% - 40% - 16:12
2 - 27% - 30% - 12:11
3 - 19% - 20% - 8:36
4 - 19% - 10% - 8:53
Normal Defense
1 - 41% - 40% - 18:40
2 - 31% - 30% - 14:21
3 - 22% - 20% - 9:56
4 - 6% - 10% - 2:55
PP Forward
1 - 60% - 60% - 2:44
2 - 40% - 40% - 1:48
PP Defense
1 - 61% - 60% - 2:45
2 - 39% - 40% - 1:47
PK Forward
1 - 75% - 60% - 7:13
2 - 25% - 40% - 2:23
PK Defense
1 - 58% - 60% - 5:36
2 - 42% - 40% - 4:00
PK3 Forward
1 - 0% - 60%
2 - 0% - 40%
PK3 Defense
1 - 0% - 60%
2 - 0% - 40%
44 Forward
1 - 75% - 60% - 3:44
2 - 25% - 40% - 1:16
44 Defense
1 - 55% - 60% - 2:45
2 - 45% - 40% - 2:15
Last Minute Offensive - 0:00
Last Minute Defensive - 0:00
Total
Forward - 65:00
Defense - 65:00
|
% Time on Ice - Sharks
Lines # - Real PCT - Wanted PCT - Time Play
Normal Forward
1 - 36% - 40% - 16:38
2 - 30% - 30% - 13:57
3 - 26% - 20% - 11:49
4 - 8% - 10% - 3:28
Normal Defense
1 - 38% - 40% - 17:28
2 - 32% - 30% - 14:52
3 - 25% - 20% - 11:32
4 - 4% - 10% - 2:00
PP Forward
1 - 55% - 60% - 5:14
2 - 45% - 40% - 4:22
PP Defense
1 - 64% - 60% - 6:07
2 - 36% - 40% - 3:29
PK Forward
1 - 82% - 60% - 3:44
2 - 18% - 40% - 0:48
PK Defense
1 - 66% - 60% - 2:59
2 - 34% - 40% - 1:33
PK3 Forward
1 - 0% - 60%
2 - 0% - 40%
PK3 Defense
1 - 0% - 60%
2 - 0% - 40%
44 Forward
1 - 87% - 60% - 4:20
2 - 13% - 40% - 0:40
44 Defense
1 - 67% - 60% - 3:22
2 - 33% - 40% - 1:38
Last Minute Offensive - 0:00
Last Minute Defensive - 0:00
Total
Forward - 65:00
Defense - 65:00
|
Play by Play
1st period
0:01 of 1st period - Henrik Sedin wins face-off versus Travis Zajac in neutral zone.
1:07 of 1st period - Shaone Morrisonn is hit by Drew Fata and loses puck.
1:34 of 1st period - Snap shot by Adam Mair.
1:34 of 1st period - Deflect By Sheldon Keefe.
1:34 of 1st period - Stopped by Tuukka Rask without a rebound.
1:35 of 1st period - Jamie Langenbrunner wins face-off versus Henrik Sedin in Blues zone.
1:35 of 1st period - Jamie Langenbrunner is hit by Teemu Selanne.
1:41 of 1st period - Wrist shot by Paul Kariya.
1:41 of 1st period - Shot Hit the Post.
1:43 of 1st period - Slapshot by Paul Kariya.
1:43 of 1st period - Stopped by Jimmy Howard without a rebound.
1:44 of 1st period - Travis Zajac wins face-off versus Henrik Sedin in Sharks zone.
1:56 of 1st period - Snap shot by Paul Kariya.
1:56 of 1st period - Stopped by Jimmy Howard with a rebound.
1:58 of 1st period - Slapshot by Brian Lee.
1:58 of 1st period - Deflect By Travis Zajac.
1:58 of 1st period - Stopped by Jimmy Howard without a rebound.
1:59 of 1st period - Nik Antropov wins face-off versus Mikko Koivu in Sharks zone.
2:14 of 1st period - Snap shot by Nik Antropov.
2:14 of 1st period - Stopped by Jimmy Howard with a rebound.
2:26 of 1st period - Filip Kuba is hit by Jamie Langenbrunner and loses puck.
3:08 of 1st period - Kristopher Letang is hit by Adam Pardy and loses puck.
3:46 of 1st period - Wrist shot by Jamie Langenbrunner.
3:46 of 1st period - Shot Misses the Net.
4:34 of 1st period - Filip Kuba is hit by Dan Boyle and loses puck.
5:34 of 1st period - Snap shot by Adam Pardy.
5:34 of 1st period - Stopped by Tuukka Rask with a rebound.
6:20 of 1st period - Sheldon Keefe is hit by Andy Sutton and loses puck.
6:30 of 1st period - Slapshot by Joni Pitkanen.
6:30 of 1st period - Stopped by Tuukka Rask with a rebound.
6:32 of 1st period - Slapshot by Joni Pitkanen.
6:32 of 1st period - Shot Misses the Net.
6:34 of 1st period - Wrist shot by Matt Moulson.
6:34 of 1st period - Stopped by Tuukka Rask with a rebound.
6:36 of 1st period - Snap shot by Adam Mair.
6:36 of 1st period - Shot Misses the Net.
6:38 of 1st period - Slapshot by Alex Pietrangelo.
6:38 of 1st period - Stopped by Tuukka Rask with a rebound.
6:44 of 1st period - Joni Pitkanen is hit by Michael Frolik.
6:52 of 1st period - Andy Sutton is hit by Matt Moulson and loses puck.
6:59 of 1st period - Filip Kuba is hit by Kristopher Letang and loses puck.
8:16 of 1st period - Slapshot by Joni Pitkanen.
8:16 of 1st period - Shot Blocked by Kristopher Letang.
8:18 of 1st period - Slapshot by Joni Pitkanen.
8:18 of 1st period - Shot Misses the Net.
8:20 of 1st period - Slapshot by Sheldon Keefe.
8:20 of 1st period - Shot Misses the Net.
8:22 of 1st period - Wrist shot by Filip Kuba.
8:22 of 1st period - Deflect By Adam Mair.
8:22 of 1st period - Shot Misses the Net.
8:22 of 1st period - Puck is out of play.
8:23 of 1st period - Henrik Sedin wins face-off versus Travis Zajac in Blues zone.
8:52 of 1st period - Wrist shot by Daniel Sedin.
8:52 of 1st period - Deflect By Mikko Koivu.
8:52 of 1st period - Stopped by Tuukka Rask without a rebound.
8:53 of 1st period - Nik Antropov wins face-off versus Mikko Koivu in Blues zone.
9:00 of 1st period - Snap shot by Nik Antropov.
9:00 of 1st period - Stopped by Jimmy Howard without a rebound.
9:01 of 1st period - Henrik Sedin wins face-off versus Travis Zajac in Sharks zone.
9:29 of 1st period - Snap shot by Daniel Sedin.
9:29 of 1st period - Stopped by Tuukka Rask without a rebound.
9:30 of 1st period - Mikko Koivu wins face-off versus Nik Antropov in Blues zone.
9:41 of 1st period - Snap shot by Daniel Sedin.
9:41 of 1st period - Shot Misses the Net.
10:15 of 1st period - Paul Kariya is hit by Filip Kuba and loses puck.
10:44 of 1st period - Slapshot by Dan Boyle.
10:44 of 1st period - Stopped by Jimmy Howard without a rebound.
10:45 of 1st period - Andrew Cogliano wins face-off versus Henrik Sedin in Sharks zone.
11:00 of 1st period - Slapshot by Andrew Cogliano.
11:00 of 1st period - Stopped by Jimmy Howard without a rebound.
11:01 of 1st period - Nik Antropov wins face-off versus Henrik Sedin in Sharks zone.
11:08 of 1st period - Slapshot by David Perron.
11:08 of 1st period - Shot Blocked by Henrik Sedin.
11:10 of 1st period - Backhand shot by Nik Antropov.
11:10 of 1st period - Stopped by Jimmy Howard with a rebound.
11:12 of 1st period - Backhand shot by Nik Antropov.
11:12 of 1st period - Stopped by Jimmy Howard without a rebound.
11:13 of 1st period - Paul Kariya wins face-off versus Henrik Sedin in Sharks zone.
11:14 of 1st period - Wrist shot by Travis Zajac.
11:14 of 1st period - Shot Misses the Net.
11:16 of 1st period - Slapshot by Jamie Langenbrunner.
11:16 of 1st period - Stopped by Jimmy Howard with a rebound.
11:18 of 1st period - Wrist shot by Jamie Langenbrunner.
11:18 of 1st period - Shot Blocked by Henrik Sedin.
11:20 of 1st period - Slapshot by Andy Sutton.
11:20 of 1st period - Stopped by Jimmy Howard with a rebound.
11:22 of 1st period - Wrist shot by Paul Kariya.
11:22 of 1st period - Shot Misses the Net.
11:48 of 1st period - Snap shot by Ian Laperriere.
11:48 of 1st period - Stopped by Tuukka Rask with a rebound.
11:50 of 1st period - Slapshot by Filip Kuba.
11:50 of 1st period - Shot Blocked by Brian Lee.
11:58 of 1st period - Minor Penalty to Brian Lee for Tripping.
11:59 of 1st period - Henrik Sedin wins face-off versus Matthew Lombardi in Blues zone.
12:04 of 1st period - Slapshot by Dany Heatley.
12:04 of 1st period - Shot Misses the Net.
12:57 of 1st period - Wrist shot by Mikko Koivu.
12:57 of 1st period - Stopped by Tuukka Rask with a rebound.
12:59 of 1st period - Snap shot by Mikko Koivu.
12:59 of 1st period - Deflect By Daniel Sedin.
12:59 of 1st period - Goal by Daniel Sedin - Blues : 0 - Sharks : 1.
13:00 of 1st period - Nik Antropov wins face-off versus Henrik Sedin in neutral zone.
13:33 of 1st period - Off-side.
13:34 of 1st period - Travis Zajac wins face-off versus Henrik Sedin in neutral zone.
13:38 of 1st period - Minor Penalty to Drew Fata for Roughing.
13:39 of 1st period - Henrik Sedin wins face-off versus Matthew Lombardi in Blues zone.
14:06 of 1st period - Joni Pitkanen is hit by Jamie Langenbrunner and loses puck.
14:49 of 1st period - Nik Antropov is hit by Nikolai Zherdev.
14:53 of 1st period - Jamie Langenbrunner is hit by Nikolai Zherdev and loses puck.
15:38 of 1st period - Penalty to Drew Fata is over, Drew Fata is back on ice.
15:46 of 1st period - Slapshot by Dan Boyle.
15:46 of 1st period - Stopped by Jimmy Howard without a rebound.
15:47 of 1st period - Andrew Cogliano wins face-off versus Adam Mair in Sharks zone.
16:24 of 1st period - Minor Penalty to Ian Laperriere for Hooking.
16:25 of 1st period - Nik Antropov wins face-off versus Dany Heatley in Sharks zone.
16:49 of 1st period - Daniel Sedin is hit by Jarome Iginla and loses puck.
16:54 of 1st period - Snap shot by Paul Kariya.
16:54 of 1st period - Goal by Paul Kariya - Blues : 1 - Sharks : 1.
16:55 of 1st period - Teemu Selanne wins face-off versus Travis Zajac in neutral zone.
17:06 of 1st period - Dany Heatley is hit by Travis Zajac.
17:09 of 1st period - Filip Kuba is hit by Travis Zajac and loses puck.
17:46 of 1st period - Snap shot by Andrew Cogliano.
17:46 of 1st period - Shot Misses the Net.
18:30 of 1st period - Wrist shot by Nikolai Zherdev.
18:30 of 1st period - Shot Misses the Net.
19:18 of 1st period - David Hale is hit by Paul Kariya and loses puck.
Goals for this period are 1 for Blues vs 1 for Sharks.
Shots for this period are 13 for Blues vs 10 for Sharks.
2nd period
0:01 of 2nd period - Dany Heatley wins face-off versus Travis Zajac in neutral zone.
0:04 of 2nd period - Snap shot by Teemu Selanne.
0:04 of 2nd period - Shot Misses the Net.
0:06 of 2nd period - Wrist shot by Teemu Selanne.
0:06 of 2nd period - Deflect By Henrik Sedin.
0:06 of 2nd period - Stopped by Tuukka Rask with a rebound.
0:08 of 2nd period - Wrist shot by Dany Heatley.
0:08 of 2nd period - Stopped by Tuukka Rask without a rebound.
0:09 of 2nd period - Henrik Sedin wins face-off versus Travis Zajac in Blues zone.
0:12 of 2nd period - Wrist shot by Henrik Sedin.
0:12 of 2nd period - Stopped by Tuukka Rask with a rebound.
0:14 of 2nd period - Slapshot by Joni Pitkanen.
0:14 of 2nd period - Deflect By Teemu Selanne.
0:14 of 2nd period - Shot Misses the Net.
0:14 of 2nd period - Puck is out of play.
0:15 of 2nd period - Henrik Sedin wins face-off versus Travis Zajac in Blues zone.
0:40 of 2nd period - Dan Boyle is hit by Joni Pitkanen and loses puck.
0:45 of 2nd period - Slapshot by Adam Mair.
0:45 of 2nd period - Shot Misses the Net.
0:57 of 2nd period - Slapshot by Paul Kariya.
0:57 of 2nd period - Shot Hit the Post.
1:13 of 2nd period - Slapshot by Adam Mair.
1:13 of 2nd period - Stopped by Tuukka Rask with a rebound.
1:23 of 2nd period - Slapshot by Jamie Langenbrunner.
1:23 of 2nd period - Stopped by Jimmy Howard without a rebound.
1:24 of 2nd period - Henrik Sedin wins face-off versus Nik Antropov in Sharks zone.
1:29 of 2nd period - David Perron is hit by Filip Kuba and loses puck.
1:34 of 2nd period - Snap shot by Henrik Sedin.
1:34 of 2nd period - Shot Blocked by Jarome Iginla.
1:36 of 2nd period - Wrist shot by Dany Heatley.
1:36 of 2nd period - Shot Misses the Net.
1:50 of 2nd period - Nik Antropov is hit by Daniel Sedin and loses puck.
2:12 of 2nd period - Slapshot by Drew Fata.
2:12 of 2nd period - Shot Blocked by Henrik Sedin.
2:14 of 2nd period - Slapshot by Kristopher Letang.
2:14 of 2nd period - Stopped by Jimmy Howard with a rebound.
2:34 of 2nd period - Snap shot by Sergei Shirokov.
2:34 of 2nd period - Shot Misses the Net.
2:36 of 2nd period - Snap shot by Andy Sutton.
2:36 of 2nd period - Stopped by Jimmy Howard with a rebound.
3:23 of 2nd period - Filip Kuba is hit by Nik Antropov and loses puck.
3:36 of 2nd period - Filip Kuba is hit by Bryce Lampman.
3:48 of 2nd period - Minor Penalty to Dan Boyle for High sticking.
3:49 of 2nd period - Henrik Sedin wins face-off versus Matthew Lombardi in Blues zone.
3:52 of 2nd period - Snap shot by Teemu Selanne.
3:52 of 2nd period - Stopped by Tuukka Rask without a rebound.
3:53 of 2nd period - Matthew Lombardi wins face-off versus Henrik Sedin in Blues zone.
4:24 of 2nd period - Wrist shot by Nikolai Zherdev.
4:24 of 2nd period - Goal by Nikolai Zherdev - Blues : 1 - Sharks : 2.
4:25 of 2nd period - Henrik Sedin wins face-off versus Travis Zajac in neutral zone.
4:30 of 2nd period - Slapshot by Dany Heatley.
4:30 of 2nd period - Shot Misses the Net.
4:38 of 2nd period - Joni Pitkanen is hit by Paul Kariya and loses puck.
5:47 of 2nd period - Slapshot by Mikko Koivu.
5:47 of 2nd period - Stopped by Tuukka Rask with a rebound.
6:38 of 2nd period - Snap shot by Matthew Lombardi.
6:38 of 2nd period - Shot Misses the Net.
6:50 of 2nd period - Wrist shot by Sergei Shirokov.
6:50 of 2nd period - Deflect By Andrew Cogliano.
6:50 of 2nd period - Shot Blocked by Dany Heatley.
6:50 of 2nd period - Puck is out of play.
6:51 of 2nd period - Nigel Dawes wins face-off versus Henrik Sedin in Sharks zone.
7:00 of 2nd period - Snap shot by Andrew Cogliano.
7:00 of 2nd period - Stopped by Jimmy Howard without a rebound.
7:01 of 2nd period - Travis Zajac wins face-off versus Mikko Koivu in Sharks zone.
7:10 of 2nd period - Wrist shot by Daniel Sedin.
7:10 of 2nd period - Stopped by Tuukka Rask without a rebound.
7:11 of 2nd period - Daniel Sedin wins face-off versus Travis Zajac in Blues zone.
7:43 of 2nd period - Snap shot by Daniel Sedin.
7:43 of 2nd period - Shot Misses the Net.
7:53 of 2nd period - Wrist shot by Daniel Sedin.
7:53 of 2nd period - Stopped by Tuukka Rask without a rebound.
7:54 of 2nd period - Henrik Sedin wins face-off versus Nik Antropov in Blues zone.
7:58 of 2nd period - Minor Penalty to Jarome Iginla for Hooking.
7:59 of 2nd period - Henrik Sedin wins face-off versus Matthew Lombardi in Blues zone.
7:59 of 2nd period - Snap shot by Teemu Selanne.
7:59 of 2nd period - Stopped by Tuukka Rask with a rebound.
8:01 of 2nd period - Snap shot by Dany Heatley.
8:01 of 2nd period - Goal by Dany Heatley - Blues : 1 - Sharks : 3.
8:02 of 2nd period - Henrik Sedin wins face-off versus Travis Zajac in neutral zone.
8:05 of 2nd period - Slapshot by Filip Kuba.
8:05 of 2nd period - Shot Misses the Net.
8:07 of 2nd period - Slapshot by Joni Pitkanen.
8:07 of 2nd period - Stopped by Tuukka Rask with a rebound.
9:12 of 2nd period - Slapshot by Alex Pietrangelo.
9:12 of 2nd period - Stopped by Tuukka Rask with a rebound.
9:14 of 2nd period - Wrist shot by Dany Heatley.
9:14 of 2nd period - Shot Blocked by Drew Fata.
9:26 of 2nd period - Mikko Koivu is hit by Kristopher Letang and loses puck.
10:21 of 2nd period - Adam Pardy is hit by Andrew Cogliano and loses puck.
11:23 of 2nd period - Paul Kariya is hit by Dany Heatley and loses puck.
11:54 of 2nd period - Icing by Filip Kuba.
11:55 of 2nd period - Andrew Cogliano wins face-off versus Henrik Sedin in Sharks zone.
12:36 of 2nd period - Icing by Travis Zajac.
12:37 of 2nd period - Adam Mair wins face-off versus Travis Zajac in Blues zone.
12:58 of 2nd period - Minor Penalty to Paul Kariya for Cross-checking.
12:59 of 2nd period - Matthew Lombardi wins face-off versus Henrik Sedin in Blues zone.
13:38 of 2nd period - Slapshot by Nikolai Zherdev.
13:38 of 2nd period - Stopped by Tuukka Rask without a rebound.
13:39 of 2nd period - David Perron wins face-off versus Mikko Koivu in Blues zone.
13:54 of 2nd period - Matthew Lombardi is hit by Shaone Morrisonn and loses puck.
14:05 of 2nd period - Snap shot by Teemu Selanne.
14:05 of 2nd period - Shot Blocked by Drew Fata.
14:37 of 2nd period - Slapshot by Jamie Langenbrunner.
14:37 of 2nd period - Shot Blocked by Joni Pitkanen.
14:39 of 2nd period - Slapshot by Kristopher Letang.
14:39 of 2nd period - Shot Blocked by Joni Pitkanen.
14:58 of 2nd period - Penalty to Paul Kariya is over, Paul Kariya is back on ice.
15:21 of 2nd period - Andrew Cogliano is hit by Matt Moulson and loses puck.
15:34 of 2nd period - Ian Laperriere is hit by Nik Antropov and loses puck.
17:01 of 2nd period - Daniel Sedin is hit by Andrew Cogliano and loses puck.
17:18 of 2nd period - Slapshot by Michael Frolik.
17:18 of 2nd period - Shot Blocked by Filip Kuba.
17:36 of 2nd period - Ian Laperriere is hit by Bryce Lampman and loses puck.
17:55 of 2nd period - Matt Moulson is hit by Travis Zajac.
18:13 of 2nd period - Wrist shot by Paul Kariya.
18:13 of 2nd period - Stopped by Jimmy Howard without a rebound.
18:14 of 2nd period - Andrew Cogliano wins face-off versus Henrik Sedin in Sharks zone.
18:29 of 2nd period - Snap shot by Nigel Dawes.
18:29 of 2nd period - Goal by Nigel Dawes - Blues : 2 - Sharks : 3.
18:30 of 2nd period - Mikko Koivu wins face-off versus Nik Antropov in neutral zone.
19:21 of 2nd period - Snap shot by Andrew Cogliano.
19:21 of 2nd period - Stopped by Jimmy Howard with a rebound.
19:51 of 2nd period - Snap shot by Teemu Selanne.
19:51 of 2nd period - Stopped by Tuukka Rask without a rebound.
19:52 of 2nd period - Mikko Koivu wins face-off versus Travis Zajac in Blues zone.
19:53 of 2nd period - Slapshot by Ian Laperriere.
19:53 of 2nd period - Stopped by Tuukka Rask with a rebound.
Goals for this period are 1 for Blues vs 2 for Sharks.
Shots for this period are 7 for Blues vs 16 for Sharks.
3rd period
0:01 of 3rd period - Henrik Sedin wins face-off versus Nik Antropov in neutral zone.
0:04 of 3rd period - Jarome Iginla is hit by Dany Heatley and loses puck.
0:30 of 3rd period - Mikko Koivu is hit by Jamie Langenbrunner and loses puck.
0:55 of 3rd period - Snap shot by Andrew Cogliano.
0:55 of 3rd period - Stopped by Jimmy Howard with a rebound.
0:57 of 3rd period - Snap shot by Nigel Dawes.
0:57 of 3rd period - Shot Hit the Post.
0:59 of 3rd period - Wrist shot by Nigel Dawes.
0:59 of 3rd period - Stopped by Jimmy Howard with a rebound.
1:06 of 3rd period - Icing by Sheldon Keefe.
1:07 of 3rd period - Adam Mair wins face-off versus Matthew Lombardi in Sharks zone.
1:14 of 3rd period - Wrist shot by Jarkko Ruutu.
1:14 of 3rd period - Deflect By Matthew Lombardi.
1:14 of 3rd period - Shot Blocked by Dany Heatley.
1:14 of 3rd period - Puck is out of play.
1:15 of 3rd period - Travis Zajac wins face-off versus Henrik Sedin in Sharks zone.
1:37 of 3rd period - Icing by Travis Zajac.
1:38 of 3rd period - Mikko Koivu wins face-off versus Travis Zajac in Blues zone.
1:39 of 3rd period - Snap shot by Daniel Sedin.
1:39 of 3rd period - Stopped by Tuukka Rask without a rebound.
1:40 of 3rd period - Nik Antropov wins face-off versus Mikko Koivu in Blues zone.
2:31 of 3rd period - Snap shot by Michael Frolik.
2:31 of 3rd period - Shot Misses the Net.
2:33 of 3rd period - Slapshot by Kristopher Letang.
2:33 of 3rd period - Stopped by Jimmy Howard with a rebound.
2:35 of 3rd period - Slapshot by Drew Fata.
2:35 of 3rd period - Shot Misses the Net.
2:45 of 3rd period - Adam Mair is hit by David Perron and loses puck.
3:14 of 3rd period - Slapshot by Alex Pietrangelo.
3:14 of 3rd period - Shot Blocked by Andy Sutton.
3:16 of 3rd period - Slapshot by Alex Pietrangelo.
3:16 of 3rd period - Stopped by Tuukka Rask without a rebound.
3:17 of 3rd period - Travis Zajac wins face-off versus Henrik Sedin in Blues zone.
3:46 of 3rd period - Off-side.
3:47 of 3rd period - Nik Antropov wins face-off versus Ian Laperriere in neutral zone.
3:55 of 3rd period - Off-side.
3:56 of 3rd period - Teemu Selanne wins face-off versus Jarome Iginla in neutral zone.
3:59 of 3rd period - Drew Fata is hit by Teemu Selanne and loses puck.
4:04 of 3rd period - Wrist shot by Henrik Sedin.
4:04 of 3rd period - Shot Blocked by Jarome Iginla.
4:06 of 3rd period - Wrist shot by Filip Kuba.
4:06 of 3rd period - Stopped by Tuukka Rask without a rebound.
4:07 of 3rd period - Henrik Sedin wins face-off versus Travis Zajac in Blues zone.
4:12 of 3rd period - Slapshot by Henrik Sedin.
4:12 of 3rd period - Shot Misses the Net.
4:21 of 3rd period - Minor Penalty to Bryce Lampman for Cross-checking.
4:22 of 3rd period - Henrik Sedin wins face-off versus Matthew Lombardi in Blues zone.
4:48 of 3rd period - Paul Kariya is hit by Mikko Koivu and loses puck.
6:21 of 3rd period - Penalty to Bryce Lampman is over, Bryce Lampman is back on ice.
6:27 of 3rd period - Wrist shot by Sheldon Keefe.
6:27 of 3rd period - Shot Misses the Net.
6:29 of 3rd period - Snap shot by David Hale.
6:29 of 3rd period - Shot Misses the Net.
6:46 of 3rd period - Off-side.
6:47 of 3rd period - Andrew Cogliano wins face-off versus Adam Mair in neutral zone.
6:52 of 3rd period - Shaone Morrisonn is hit by Nigel Dawes and loses puck.
7:37 of 3rd period - Minor Penalty to Dany Heatley for Hooking.
7:38 of 3rd period - Nik Antropov wins face-off versus Ian Laperriere in Sharks zone.
7:41 of 3rd period - Snap shot by Paul Kariya.
7:41 of 3rd period - Goal by Paul Kariya - Blues : 3 - Sharks : 3.
7:42 of 3rd period - Henrik Sedin wins face-off versus Paul Kariya in neutral zone.
7:45 of 3rd period - Dan Boyle is hit by Henrik Sedin and loses puck.
7:58 of 3rd period - Snap shot by Henrik Sedin.
7:58 of 3rd period - Stopped by Tuukka Rask without a rebound.
7:59 of 3rd period - Mikko Koivu wins face-off versus Nik Antropov in Blues zone.
8:06 of 3rd period - Snap shot by Daniel Sedin.
8:06 of 3rd period - Shot Blocked by Nik Antropov.
8:08 of 3rd period - Slapshot by Mikko Koivu.
8:08 of 3rd period - Shot Misses the Net.
8:10 of 3rd period - Slapshot by Joni Pitkanen.
8:10 of 3rd period - Stopped by Tuukka Rask with a rebound.
8:12 of 3rd period - Slapshot by Mikko Koivu.
8:12 of 3rd period - Deflect By Daniel Sedin.
8:12 of 3rd period - Shot Misses the Net.
8:12 of 3rd period - Puck is out of play.
8:13 of 3rd period - Dany Heatley wins face-off versus Travis Zajac in Blues zone.
8:14 of 3rd period - Wrist shot by Henrik Sedin.
8:14 of 3rd period - Stopped by Tuukka Rask with a rebound.
8:26 of 3rd period - Teemu Selanne is hit by Travis Zajac.
8:45 of 3rd period - Snap shot by David Perron.
8:45 of 3rd period - Shot Misses the Net.
8:47 of 3rd period - Slapshot by Drew Fata.
8:47 of 3rd period - Deflect By Nik Antropov.
8:47 of 3rd period - Stopped by Jimmy Howard without a rebound.
8:48 of 3rd period - Travis Zajac wins face-off versus Henrik Sedin in Sharks zone.
9:04 of 3rd period - Minor Penalty to Henrik Sedin for Hooking.
9:05 of 3rd period - Dany Heatley wins face-off versus Nik Antropov in Sharks zone.
9:05 of 3rd period - Dany Heatley is hit by Kristopher Letang.
9:30 of 3rd period - Daniel Sedin is hit by Kristopher Letang.
10:32 of 3rd period - Jarome Iginla is hit by Filip Kuba and loses puck.
11:04 of 3rd period - Penalty to Henrik Sedin is over, Henrik Sedin is back on ice.
11:34 of 3rd period - Wrist shot by Nigel Dawes.
11:34 of 3rd period - Stopped by Jimmy Howard without a rebound.
11:35 of 3rd period - Mikko Koivu wins face-off versus Andrew Cogliano in Sharks zone.
12:21 of 3rd period - Snap shot by Adam Mair.
12:21 of 3rd period - Deflect By Sheldon Keefe.
12:21 of 3rd period - Stopped by Tuukka Rask without a rebound.
12:22 of 3rd period - Adam Mair wins face-off versus Travis Zajac in Blues zone.
12:23 of 3rd period - Snap shot by Sheldon Keefe.
12:23 of 3rd period - Stopped by Tuukka Rask with a rebound.
12:47 of 3rd period - Teemu Selanne is hit by Nik Antropov and loses puck.
12:56 of 3rd period - Slapshot by Joni Pitkanen.
12:56 of 3rd period - Stopped by Tuukka Rask with a rebound.
13:05 of 3rd period - Dan Boyle is hit by Adam Pardy and loses puck.
13:14 of 3rd period - Snap shot by Michael Frolik.
13:14 of 3rd period - Shot Misses the Net.
13:16 of 3rd period - Slapshot by Dan Boyle.
13:16 of 3rd period - Shot Misses the Net.
13:22 of 3rd period - Minor Penalty to Adam Pardy for Cross-checking.
13:23 of 3rd period - Nik Antropov wins face-off versus Dany Heatley in Sharks zone.
13:38 of 3rd period - Wrist shot by Nik Antropov.
13:38 of 3rd period - Shot Blocked by Shaone Morrisonn.
15:22 of 3rd period - Penalty to Adam Pardy is over, Adam Pardy is back on ice.
15:28 of 3rd period - Michael Frolik is hit by Henrik Sedin and loses puck.
16:38 of 3rd period - Minor Penalty to Nik Antropov for Interference.
16:39 of 3rd period - Matthew Lombardi wins face-off versus Henrik Sedin in Blues zone.
16:46 of 3rd period - Icing by Teemu Selanne.
16:47 of 3rd period - Henrik Sedin wins face-off versus Paul Kariya in Sharks zone.
16:47 of 3rd period - Henrik Sedin is hit by Paul Kariya.
17:21 of 3rd period - Snap shot by Teemu Selanne.
17:21 of 3rd period - Stopped by Tuukka Rask without a rebound.
17:22 of 3rd period - Mikko Koivu wins face-off versus Paul Kariya in Blues zone.
17:49 of 3rd period - Joni Pitkanen is hit by David Perron and loses puck.
18:38 of 3rd period - Penalty to Nik Antropov is over, Nik Antropov is back on ice.
Goals for this period are 1 for Blues vs 0 for Sharks.
Shots for this period are 6 for Blues vs 10 for Sharks.
Overtime #1
0:01 of 1st overtime period - Henrik Sedin wins face-off versus Travis Zajac in neutral zone.
0:08 of 1st overtime period - Brian Lee is hit by Filip Kuba.
1:40 of 1st overtime period - Slapshot by Alex Pietrangelo.
1:40 of 1st overtime period - Shot Blocked by Brian Lee.
1:51 of 1st overtime period - Dan Boyle is hit by Sheldon Keefe.
2:14 of 1st overtime period - Dan Boyle is hit by Dany Heatley.
2:31 of 1st overtime period - Adam Pardy is hit by Jarkko Ruutu and loses puck.
2:38 of 1st overtime period - Daniel Sedin is hit by Jarkko Ruutu.
3:14 of 1st overtime period - Adam Pardy is hit by Sergei Shirokov and loses puck.
3:22 of 1st overtime period - Snap shot by Michael Frolik.
3:22 of 1st overtime period - Stopped by Jimmy Howard with a rebound.
4:48 of 1st overtime period - Snap shot by Michael Frolik.
4:48 of 1st overtime period - Stopped by Jimmy Howard with a rebound.
Goals for this period are 0 for Blues vs 0 for Sharks.
Shots for this period are 2 for Blues vs 0 for Sharks.
ShootOut
5:00 of 1st overtime period - Penalty Shot by David Perron for Blues.
5:00 of 1st overtime period - Deke by David Perron.
5:00 of 1st overtime period - Goal by David Perron.
5:00 of 1st overtime period - Penalty Shot by Dany Heatley for Sharks.
5:00 of 1st overtime period - Snap shot by Dany Heatley.
5:00 of 1st overtime period - Stopped by Tuukka Rask.
5:00 of 1st overtime period - Penalty Shot by Nik Antropov for Blues.
5:00 of 1st overtime period - Snap shot by Nik Antropov.
5:00 of 1st overtime period - Shot Misses the Net.
5:00 of 1st overtime period - Penalty Shot by Henrik Sedin for Sharks.
5:00 of 1st overtime period - Deke by Henrik Sedin.
5:00 of 1st overtime period - Goal by Henrik Sedin.
5:00 of 1st overtime period - Penalty Shot by Jarome Iginla for Blues.
5:00 of 1st overtime period - Backhand shot by Jarome Iginla.
5:00 of 1st overtime period - Stopped by Jimmy Howard.
5:00 of 1st overtime period - Penalty Shot by Daniel Sedin for Sharks.
5:00 of 1st overtime period - Deke by Daniel Sedin.
5:00 of 1st overtime period - Shot Misses the Net.
5:00 of 1st overtime period - Penalty Shot by Michael Frolik for Blues.
5:00 of 1st overtime period - Wrist shot by Michael Frolik.
5:00 of 1st overtime period - Goal by Michael Frolik.
5:00 of 1st overtime period - Penalty Shot by Mikko Koivu for Sharks.
5:00 of 1st overtime period - Deke by Mikko Koivu.
5:00 of 1st overtime period - Goal by Mikko Koivu.
5:00 of 1st overtime period - Penalty Shot by Paul Kariya for Blues.
5:00 of 1st overtime period - Snap shot by Paul Kariya.
5:00 of 1st overtime period - Goal by Paul Kariya.
5:00 of 1st overtime period - Penalty Shot by Teemu Selanne for Sharks.
5:00 of 1st overtime period - Wrist shot by Teemu Selanne.
5:00 of 1st overtime period - Stopped by Tuukka Rask.
Output by the SimonT Hockey Simulator (STHS) for François Prévost -- Original Page W3C XHTML 1.0 Valid